 Dungeon Crawl Stone Soup version 0.31.0-32-g396128a36d (webtiles) character file.

Game seed: 8111144384894095039

339 lysyklops the Shield-Bearer (level 6, 0/40 HPs)
             Began as a Gargoyle Fighter on Mar 31, 2024.
             Slain by a kobold
             ... wielding a +0 short sword
              (1 damage)
             ... on level 4 of the Dungeon.
             The game lasted 00:05:23 (3050 turns).

lysyklops the Shield-Bearer (Gargoyle Fighter)      Turns: 3050, Time: 00:05:23

Health: 0/40       AC: 14    Str: 22    XL:     6   Next: 55%
Magic:  6/6        EV:  9    Int:  8    God:
Gold:   228        SH:  4    Dex:  9    Spells: 5/5 levels left

rFire   . . .        a - +0 flail
rCold   . . .        c - +0 buckler
rNeg    + . .        b - +0 scale mail
rPois   ∞            (no helmet)
rElec   +            j - +0 cloak
rCorr   .            (no gloves)
SInv    .            s - +0 pair of boots
Will    .....        (no amulet) Stlth
                     (no ring)
HPRegen 0.26/turn    (no ring)
MPRegen 0.10/turn

%: no passive effects
@: mighty
A: sickness immunity, AC +4, negative energy resistance 1, electricity
resistance, torment resistance 1, petrification resistance
a: no special abilities


You were on level 4 of the Dungeon.
You visited 1 branch of the dungeon, and saw 4 of its levels.

You collected 228 gold pieces.

Inventory:

Hand Weapons
 a - a +0 flail (weapon)
 q - the +7 spear "Leviticus" {flame, *Slow rC+++ rCorr Dex-3}
   (You found it on level 3 of the Dungeon)

   Dex-3:     It affects your dexterity (-3).
   rC+++:     It renders you almost immune to cold.
   rCorr:     It protects you from acid and corrosion.
   *Slow:     It may slow you when you take damage.
Missiles
 e - 2 silver javelins (quivered)
Armour
 b - a +0 scale mail (worn)
 c - a +0 buckler (worn)
 j - a +0 cloak (worn)
 s - a +0 pair of boots (worn)
Jewellery
 p - a ring of protection from cold
Scrolls
 g - 3 scrolls of revelation {unknown}
 h - a scroll of fear {unknown}
 i - 3 scrolls of identify {unknown}
 k - 2 scrolls of teleportation {unknown}
 n - 3 scrolls of fog {unknown}
Potions
 d - a potion of might
 f - a potion of enlightenment {unknown}
 l - 2 potions of heal wounds {unknown}
 m - a potion of resistance {unknown}
 o - a potion of lignification {unknown}
 r - a potion of mutation {unknown}


   Skills:
 + Level 4.8 Fighting
 + Level 3.6 Maces & Flails
 + Level 4.8 Armour
 + Level 4.8 Shields


You had 5 spell levels left.
You didn't know any spells.
Your spell library contained the following spells:

 Spells                   Type           Power      Damage    Failure   Level
 Foxfire                  Conj/Fire      0%         2x1d4     78%         1
 Sandblast                Erth           0%         2d4       78%         1
 Passwall                 Erth           0%         N/A       98%         3
 Stone Arrow              Conj/Erth      0%         3d7       98%         3
 Animate Armour           Summ/Erth      0%         N/A       100%        4
 Brom's Barrelling Bould  Conj/Erth      0%         2d3       100%        4
 Summon Forest            Summ/Tloc      0%         N/A       100%        5
 Eringya's Noxious Bog    Alch           0%         4d6       100%        6
 Plasma Beam              Fire/Air       0%         2x1d10    100%        6
 Starburst                Conj/Fire      0%         6d3       100%        6
 Summon Hydra             Summ           0%         N/A       100%        7
 Lehudib's Crystal Spear  Conj/Erth      0%         10d2      100%        8


Dungeon Overview and Level Annotations

Branches:
Dungeon (4/15)
 Temple: D:4-7

Altars:
Vehumet

Annotations:
D:3 3 runed translucent doors, Henri's ghost, amateur VSEn


Innate Abilities, Weirdness & Mutations

You are immune to sickness and miasma.
Your stone body is resilient. (AC +4)
You are immune to poison.
You resist negative energy. (rN+)
You are resistant to electric shocks. (rElec)
You are resistant to unholy torment.
You are immune to petrification.


Message History

The orc priest calls down the wrath of Beogh upon you.
You are unaffected.
You block the orc's attack. You block the kobold's attack.
The orc hits you but does no damage.
The orc priest hits you with a +0 war axe.
The orc attacks as it pursues you! The orc barely misses you.
The orc priest hits you with a +0 war axe!
The orc priest attacks as it pursues you!
The orc priest hits you with a +0 war axe.
You barely miss the orc priest.
The orc priest is moderately wounded.
The orc priest invokes the aid of Beogh against you.
Beogh smites you!
* * * LOW HITPOINT WARNING * * *
You hit the orc priest but do no damage.
The orc priest is moderately wounded.
A dart slug comes into view.
The orc priest looks satisfied for a moment.
The orc hits you with a +0 dagger.
* * * LOW HITPOINT WARNING * * *
You block the orc priest's attack.
You barely miss the orc priest.
The orc priest is moderately wounded.
The orc hits you but does no damage. The orc priest closely misses you.
The dart slug launches a dart at you. The slug dart misses you.
The slug dart hits the orc.
The orc dies!
You feel very mighty all of a sudden. The orc priest closely misses you.
You barely miss the orc priest.
The orc priest is moderately wounded.
The orc priest hits you but does no damage.
The kobold barely misses you. The dart slug launches a dart at you.
The slug dart hits you.
* * * LOW HITPOINT WARNING * * *
You sock the orc priest!
You kill the orc priest!
You block the kobold's attack.
The kobold hits you with a +0 short sword.
You die...

# #.......##
#.#.......
#†..#...#
#..#####..#...#
#.........#...#
#.#####†..# ..#
#.#†###.#
#......K######...
.#......)@...w....
#....###.######....
###....)..# .
######..# ##.# ..
.## ##


You could see a dart slug and a kobold.

Vanquished Creatures
  2 orc priests
  2 orc wizards
  Jessica (D:2)
  9 gnolls
  9 adders
  2 ribbon worms (D:2)
  5 orcs (D:3)
  7 ball pythons
  A bat (D:3)
  2 endoplasms
  4 giant cockroaches
  6 hobgoblins
  2 quokkas
  4 frilled lizards
  A goblin (D:2)
  6 kobolds
  6 rats
  A spectral kobold (D:1)
70 creatures vanquished.

Vanquished Creatures (others)
  An orc (D:4)
1 creature vanquished.

Grand Total: 71 creatures vanquished

Notes
Turn   | Place    | Note
-------+----------+-------------------------------------------
     0 | D:1      | lysyklops the Gargoyle Fighter began the quest for the Orb.
     0 | D:1      | Reached XP level 1. HP: 14/14 MP: 1/1
   198 | D:1      | Reached XP level 2. HP: 19/19 MP: 2/2
   328 | D:1      | Found a faded altar of an unknown god.
   456 | D:1      | Reached XP level 3. HP: 21/23 MP: 3/3
   845 | D:2      | Reached XP level 4. HP: 18/29 MP: 4/4
  1271 | D:2      | Noticed Jessica
  1277 | D:2      | Killed Jessica
  1278 | D:2      | Reached XP level 5. HP: 33/33 MP: 5/5
  1995 | D:3      | Found a runed translucent gate.
  1995 | D:3      | Found a runed translucent gate.
  1995 | D:3      | Found a runed translucent gate.
  1996 | D:3      | Noticed Henri's ghost (amateur VSEn)
  2013 | D:3      | Reached XP level 6. HP: 26/39 MP: 6/6
  2267 | D:3      | Identified the +7 spear "Leviticus" {flame, *Slow rC+++
                  | rCorr Dex-3}
  2900 | D:3      | Found a radiant altar of Vehumet.
  3046 | D:4      | HP: 2/40 [orc/+0 dagger (2)]
  3050 | D:4      | Slain by a kobold

Illustrated notes

Levels and vault maps discovered:
D:1:      mainiacjoe_arrival_oval_in_oval, layout_loops_ring,
          dreamdust_ecumenical_altar_drowned_temple, grunt_decor_clamped,
          minmay_statues_item
D:2:      layout_basic, uniq_jessica
D:3:      layout_basic, fiery_altar_vehumet, gammafunk_ghost_split
D:4:      layout_basic

Skill      XL: |  1  2  3  4 |
---------------+-------------+-----
Fighting       | 4 |  4.8
Armour         | 4 |  4.8
Shields        | 4 |  4.8
Maces & Flails | 3 |  3.6

Action                     |  1- 3 |  4- 6 || total
---------------------------+-------+-------++-------
  Melee: Flail             |    61 |   237 ||   298
    Use: Potion            |       |     1 ||     1
 Armour: Scale mail        |    40 |   209 ||   249
  Dodge: Dodged            |    31 |   104 ||   135
  Block: Buckler           |    15 |    54 ||    69
